 Dungeon Crawl Stone Soup version 0.31-a0-267-g3fc6992b3b (webtiles) character file.

Game seed: 16341481859338999863

728 qw the Skirmisher (level 7, -4/60 HPs)
             Began as a Minotaur Hexslinger on July 14, 2023.
             Shot with an arrow by an orc warrior (8 damage)
             ... on level 6 of the Dungeon.
             The game lasted 00:01:33 (3751 turns).

qw the Skirmisher (Minotaur Hexslinger)             Turns: 3751, Time: 00:01:34

Health: -4/60      AC:  7    Str: 12    XL:     7   Next: 44%
Magic:  7/7        EV: 10    Int: 10    God:
Gold:   284        SH:  0    Dex: 10    Spells: 7/8 levels left

rFire   . . .        o - +0 hand crossbow (heavy)
rCold   . . .        (no shield)
rNeg    + . .        b - +0 ring mail
rPois   +            (helmet restricted)
rElec   .            i - +0 cloak {Stlth+}
rCorr   +            (no gloves)
SInv    .            c - +0 pair of boots
Will    .....        (no amulet)
Stlth   +            h - ring of positive energy
HPRegen 0.30/turn    e - ring "Ties" {rPois rCorr Dex-5 Slay+3}
MPRegen 0.10/turn

%: no passive effects
@: no status effects
A: horns 2, retaliatory headbutt
a: no special abilities


You were on level 6 of the Dungeon.
You visited 1 branch of the dungeon, and saw 6 of its levels.

You collected 284 gold pieces.


Innate Abilities, Weirdness & Mutations

You have a pair of horns on your head.
You reflexively headbutt those who attack you in melee.


   Skills:
 + Level 4.6 Fighting
 - Level 8.0 Ranged Weapons
 - Level 2.2 Armour
 - Level 2.1 Dodging
 - Level 1.0 Spellcasting
 - Level 2.0 Hexes


You had 7 spell levels left.
You knew the following spells:

 Your Spells              Type           Power      Damage    Failure   Level
a - Slow                  Hex            16%        N/A       32%         1

Your spell library contained the following spells:

 Spells                   Type           Power      Damage    Failure   Level
 Inner Flame              Hex/Fire       2%         N/A       83%         3
 Portal Projectile        Hex/Tloc       4%         N/A       83%         3
 Cause Fear               Hex            2%         N/A       97%         4

Inventory:

Hand Weapons
 o - a +0 heavy hand crossbow (weapon)
Armour
 b - a +0 ring mail (worn)
 c - a +0 pair of boots (worn)
 i - a +0 cloak of stealth (worn)
Jewellery
 e - the ring "Ties" (right hand) {rPois rCorr Dex-5 Slay+3}
   (You acquired it on level 3 of the Dungeon)

   [ring of resist corrosion]

   Dex:       It affects your dexterity (-5).
   Slay:      It affects your accuracy & damage with ranged weapons and melee
   (+3).
   rPois:     It protects you from poison.
   rCorr:     It protects you from acid and corrosion.
 h - a ring of positive energy (left hand)
 n - a ring of ice
Scrolls
 a - a scroll of identify
Potions
 d - a potion of cancellation
 g - a potion of might {unknown}
 j - 2 potions of curing
 k - a potion of resistance {unknown}
 l - 2 potions of haste
 m - a potion of ambrosia {unknown}

Dungeon Overview and Level Annotations

Branches:
Dungeon (6/15)
 Temple: D:4-7

Altars:

Shops:
D:2 =   D:3 =


Message History

You shoot a bolt. The bolt hits the orc!
You kill the orc!
The orc wizard gestures at you while chanting.
The puff of flame hits you!
A jelly comes into view.
The orc warrior shoots an arrow.
The arrow hits you!
The orc warrior shoots an arrow.
The arrow closely misses you.
The jelly moves out of view.
You shoot a bolt. The bolt hits the orc priest!!
You kill the orc priest!
The orc wizard gestures wildly while chanting.
The orc wizard flickers and vanishes!
Deactivating autopickup; reactivate with Ctrl-A.
The orc warrior shoots an arrow.
The arrow hits you!
The orc warrior shoots an arrow.
The arrow barely misses you.
A white imp comes into view.
You shoot a bolt.
The bolt closely misses the orc warrior.
The orc warrior shoots an arrow.
The arrow misses you.
The orc warrior shoots an arrow.
The arrow hits you!!
The orc warrior shoots an arrow.
The arrow hits you.
3748 ||| DRINKING potion of heal wounds.
You feel much better. The white imp gestures at you.
The puff of frost hits you!
You shoot a bolt.
The bolt closely misses the orc warrior.
Something hits you. Something hits you but does no damage.
The orc warrior shoots an arrow.
The arrow hits you.
You shoot a bolt. The bolt closely misses the white imp.
Something hits you but does no damage. The white imp gestures at you.
The puff of frost hits you.
The orc warrior shoots an arrow.
The arrow hits you.
Something hits you but does no damage. x2
You shoot a bolt. The bolt hits the white imp!!
You kill the white imp!
The orc warrior shoots an arrow.
The arrow closely misses you. Something hits you but does no damage.
The orc warrior shoots an arrow.
The arrow hits you!
You die...

#..... .. .....#...##
##..#.#....#.
............
##.......)#..
###....#.......
####....#.........
##..#..........#
#/.........@..!#
###..#........J..#
##...##...........#
##...............o....
##...............(#..#.
##...###...........#.).)
#.##............|... ...
##>........#......... ..
#..............


You could see an orc warrior and a jelly.

Vanquished Creatures
  A water moccasin (D:5)
  2 phantoms
  A scorpion (D:5)
  A hound (D:5)
  A jelly (D:5)
  2 orc priests (D:6)
  2 iguanas
  An orc wizard (D:3)
  8 adders
  2 white imps
  A worm (D:4)
  4 dart slugs
  19 orcs
  6 endoplasms
  8 giant cockroaches
  8 hobgoblins
  6 jackals
  4 quokkas
  12 ball pythons
  6 bats
  3 frilled lizards
  5 goblins
  11 kobolds
  3 rats
117 creatures vanquished.

Notes
Turn   | Place    | Note
-------+----------+-------------------------------------------
     0 | D:1      | qw the Minotaur Hexslinger began the quest for the Orb.
     0 | D:1      | Reached XP level 1. HP: 16/16 MP: 1/1
     0 | D:1      | 0 ||| qw: Version: 0.3-a-52-g30416fa
     0 | D:1      | 0 ||| qw: Game counter: 7845
     0 | D:1      | 0 ||| qw: Melee chars always use a shield: true
     0 | D:1      | 0 ||| qw: God list: Okawaru
     0 | D:1      | 0 ||| qw: Allow faded altars: false
     0 | D:1      | 0 ||| qw: Do Orc after clearing Dungeon:15 true
     0 | D:1      | 0 ||| qw: Do second Lair branch before Depths: true
     0 | D:1      | 0 ||| qw: Lair rune preference: random
     0 | D:1      | 0 ||| qw: Goals: Normal
     0 | D:1      | 0 ||| PLANNING D:1-11
   189 | D:1      | Reached skill level 3 in Ranged Weapons
   192 | D:1      | Reached XP level 2. HP: 18/23 MP: 2/2
   648 | D:1      | Reached XP level 3. HP: 23/29 MP: 3/3
   870 | D:1      | 870 ||| DROPPING +6 ring of intelligence.
   871 | D:1      | 871 ||| READING scroll labelled PUDAOX VIOSS.
   872 | D:1      | 872 ||| DRINKING 2 lumpy puce potions.
   873 | D:1      | 873 ||| DROPPING scroll of poison.
   905 | D:2      | 905 ||| STAIRDANCE
   938 | D:2      | Found Wuetaagu's Jewellery Shop.
   947 | D:2      | 947 ||| SHOPLISTING amulet "Veisext" {Reflect Str+3 SH+5}
                  | (476 gold, have 82).
   947 | D:2      | 947 ||| SHOPLISTING ring of protection from cold (275 gold,
                  | have 82).
   947 | D:2      | 947 ||| SHOPLISTING ring of protection from fire (275 gold,
                  | have 82).
   947 | D:2      | 947 ||| SHOPLISTING ring of see invisible (165 gold, have
                  | 82).
   955 | D:2      | Reached skill level 4 in Ranged Weapons
   981 | D:2      | 981 ||| FLEEEEING.
   982 | D:2      | 982 ||| FLEEEEING.
  1430 | D:2      | Reached XP level 4. HP: 36/36 MP: 4/4
  1554 | D:2      | 1554 ||| UPGRADING to +0 ring mail.
  1564 | D:2      | 1564 ||| DROPPING +0 robe.
  1565 | D:2      | 1565 ||| UPGRADING to ring of positive energy.
  1566 | D:2      | 1566 ||| READING 2 scrolls labelled DUL WONAFA.
  1567 | D:2      | 1567 ||| READING scroll of enchant weapon.
  1567 | D:2      | 1567 ||| ENCHANTING +2 sling.
  1568 | D:2      | 1568 ||| READING scroll labelled SUREWO CISHRYARO.
  1569 | D:2      | 1569 ||| READING scroll labelled AMEM ZATAIFRIAFI.
  1730 | D:3      | Reached skill level 1 in Armour
  1935 | D:3      | Reached skill level 5 in Ranged Weapons
  2347 | D:3      | Found Xenegol's Jewellery Boutique.
  2354 | D:3      | 2354 ||| SHOPLISTING +4 ring of protection (432 gold, have
                  | 138).
  2354 | D:3      | 2354 ||| SHOPLISTING +6 ring of dexterity (432 gold, have
                  | 138).
  2354 | D:3      | 2354 ||| SHOPLISTING ring "Utzinirghao" {rCorr Str+4} (424
                  | gold, have 138).
  2354 | D:3      | 2354 ||| SHOPLISTING ring of Qudulez {Fly rElec rF+ Will+}
                  | (529 gold, have 138).
  2354 | D:3      | 2354 ||| SHOPLISTING ring of poison resistance (240 gold,
                  | have 138).
  2354 | D:3      | 2354 ||| SHOPLISTING ring of willpower (300 gold, have
                  | 138).
  2397 | D:3      | 2397 ||| UPGRADING to +0 cloak of stealth.
  2402 | D:3      | 2402 ||| READING 2 scrolls labelled INLABU IMOTOI.
  2403 | D:3      | 2403 ||| READING scroll labelled PAJEKU FEDY.
  2403 | D:3      | Identified a scroll of acquirement
  2403 | D:3      | 2403 ||| ACQUIRING ring "Ties" {rPois rCorr Dex-5 Slay+3}
  2403 | D:3      | Acquired the ring "Ties" {rPois rCorr Dex-5 Slay+3}
  2405 | D:3      | 2405 ||| UPGRADING to ring "Ties" {rPois rCorr Dex-5
                  | Slay+3}.
  2406 | D:3      | 2406 ||| READING scroll labelled JOMOIRYEPN.
  2407 | D:3      | 2407 ||| DRINKING 2 golden potions.
  2408 | D:3      | 2408 ||| DRINKING 2 dark potions.
  2409 | D:3      | 2409 ||| READING 2 scrolls of identify.
  2409 | D:3      | 2409 ||| IDENTIFYING viscous emerald potion
  2410 | D:3      | 2410 ||| DROPPING scroll of noise.
  2466 | D:4      | 2466 ||| FLEEEEING.
  2469 | D:4      | 2469 ||| STAIRDANCE
  2486 | D:3      | Reached skill level 3 in Fighting
  2486 | D:3      | Reached XP level 5. HP: 23/45 MP: 5/5
  2583 | D:4      | Noticed a phantom
  2594 | D:4      | Killed a phantom
  2641 | D:4      | Reached skill level 6 in Ranged Weapons
  2661 | D:4      | 2661 ||| SWAPPING to +0 shortbow.
  2664 | D:4      | 2664 ||| DROPPING +3 sling.
  2691 | D:4      | Reached XP level 6. HP: 51/51 MP: 6/6
  2759 | D:4      | 2759 ||| SWAPPING to +4 sling of flaming.
  2760 | D:4      | 2760 ||| DROPPING +0 shortbow.
  3130 | D:4      | 3130 ||| READING scroll labelled ATOMAETISA.
  3132 | D:5      | Entered Level 5 of the Dungeon
  3147 | D:5      | 3147 ||| FLEEEEING.
  3148 | D:5      | 3148 ||| STAIRDANCE
  3334 | D:5      | 3334 ||| SWAPPING to +0 heavy hand crossbow.
  3335 | D:5      | 3335 ||| DROPPING +4 heavy sling.
  3363 | D:5      | Identified the +0 scale mail of Wiom {Str+5}
  3471 | D:5      | Noticed a water moccasin
  3474 | D:5      | Killed a water moccasin
  3475 | D:5      | Reached skill level 7 in Ranged Weapons
  3475 | D:5      | Reached XP level 7. HP: 50/59 MP: 7/7
  3530 | D:5      | Reached skill level 8 in Ranged Weapons
  3648 | D:5      | 3648 ||| UPGRADING to +0 pair of boots.
  3653 | D:5      | 3653 ||| READING scroll labelled HIPNUE TONKOQ.
  3677 | D:6      | 3677 ||| PLANNING SEWER
  3747 | D:6      | HP: 11/60 [orc warrior/arrow (18)]
  3748 | D:6      | 3748 ||| DRINKING potion of heal wounds.
  3750 | D:6      | HP: 3/60 [orc warrior/arrow (6)]
  3751 | D:6      | Shot with an arrow by an orc warrior

Levels and vault maps discovered:
D:1:      minmay_arrival_stone_box, layout_basic
D:2:      layout_basic, serial_shops, shop
D:3:      layout_basic, serial_shops, shop, minmay_misc_feat_columns
D:4:      layout_rooms, minmay_fractal_squares_gapless_5
D:5:      layout_rooms
D:6:      layout_cave_pools, vehumet_altar_wand_db, gup_sewer_entry_bowl,
          uniq_crazy_yiuf_cottage

Skill      XL: |  1  2  3  4  5  6  7 |
---------------+----------------------+-----
Ranged Weapons | 3 4 5 6 7 8 |  8.0
Fighting       | 2 3 4 |  4.6
Armour         | 1 2 |  2.2
Dodging        | |  2.1
Spellcasting   | |  1.0
Hexes          | |  2.0

Action                     |  1- 3 |  4- 6 |  7- 9 || total
---------------------------+-------+-------+-------++-------
   Fire: Sling             |   142 |   157 |       ||   299
         Shortbow          |       |     9 |       ||     9
         Hand crossbow     |       |     3 |    13 ||    16
    Use: Scroll            |     1 |     9 |     1 ||    11
         Potion            |     1 |     2 |     1 ||     4
 Armour: Robe              |    13 |       |       ||    13
         Ring mail         |       |    39 |     6 ||    45
  Dodge: Dodged            |    43 |    43 |     8 ||    94

Table legend:
 A = Non-vault XP
 B = Vault XP
 C = Vault XP percentage of total XP
 D = Non-vault monster count
 E = Vault monster count
 F = Vault count percentage of total count
                 A         B        C        D         E       F
            +---------+---------+-------+---------+---------+-------
      Total |    1034 |      17 |   1.6 |     114 |       3 |   2.6
            +---------+---------+-------+---------+---------+-------
        D:1 |      48 |       0 |   0.0 |      29 |       0 |   0.0
        D:2 |      52 |       0 |   0.0 |      24 |       0 |   0.0
        D:3 |     104 |       0 |   0.0 |      17 |       0 |   0.0
        D:4 |     216 |      17 |   7.3 |      24 |       3 |  11.1
        D:5 |     519 |       0 |   0.0 |      16 |       0 |   0.0
        D:6 |      95 |       0 |   0.0 |       4 |       0 |   0.0
            +---------+---------+-------+---------+---------+-------
